AoeStats
← toniotomassi

Arena

508125781Analyzed
4v4 RM · 10d ago on Sep 21, 2026· 47m 36s· 8 players
Game mode
Random Map
Map size
Large (8 player)
Population
200
Speed
Normal
Resources
Standard
Victory
Conquest
Starting age
Dark Age
Ending age
Imperial Age
RankedLock teamsTeams togetherTeam positionsShared explorationLock speedFull tech treeHidden civsTurbo modeCheats
Victory
Defeat
🇵🇪 Britons · Peru
961
+11
🇵🇪 Bohemians · Peru
940
+12
🇵🇪 Japanese · Peru
925
+13
🇵🇪 Sicilians · Peru
867
+15
🇧🇷 Mongols · Brazil
876
-14
🇨🇦 Britons · Canada
853
-13
🇦🇷 Byzantines · Argentina
845
-12
🇦🇷 Goths · Argentina
830
-12
Vagoneta3D
11:05 Feudal Age
13:05 Double-Bit Axe
17:11 Loom
19:46 Castle Age
18:37 Stone Mining
19:15 Fletching
19:36 Forging
20:45 Horse Collar
23:20 Elite Skirmisher
25:26 Murder Holes
26:23 Fortified Wall
toniotomassi
0:27 Loom
12:43 Feudal Age
13:59 Wheelbarrow
17:07 Double-Bit Axe
17:37 Man-at-Arms
21:14 Castle Age
19:56 Horse Collar
20:14 Gold Mining
21:15 Stone Mining
24:33 Squires
29:07 Hand Cart
Cara do Tapinha
11:01 Feudal Age
18:36 Castle Age
17:10 Horse Collar
17:18 Double-Bit Axe
18:14 Gold Mining
27:23 Fletching
27:34 Padded Archer Armor
28:25 Bodkin Arrow
30:53 Leather Archer Armor
39:20 Bloodlines
39:17 Scale Barding Armor
40:02 Elite Skirmisher
40:48 Thumb Ring
41:53 Forging
43:02 Chain Barding Armor
44:40 Iron Casting
sensticks
6:45 Loom
10:52 Feudal Age
10:47 Loom
12:35 Double-Bit Axe
16:32 Castle Age
15:03 Gold Mining
16:09 Stone Mining
19:12 Wheelbarrow
21:41 Bow Saw
22:09 Horse Collar
25:58 Fortified Wall
29:28 Imperial Age
27:28 Ballistics
29:27 Crossbowman
30:21 Arbalester
33:55 Conscription
35:06 Two-Man Saw
34:47 Hand Cart
36:29 Gold Shaft Mining
36:19 Arrowslits
37:35 Chemistry
37:41 Elite Longbowman
40:01 Yeomen
40:09 Warwolf
40:25 Scale Mail Armor
40:35 Forging
40:25 Fletching
40:35 Padded Archer Armor
40:26 Onager
SNES
9:59 Feudal Age
12:09 Loom
15:47 Castle Age
32:49 Imperial Age
32:49 Horse Collar
32:55 Double-Bit Axe
33:52 Conscription
38:54 Wheelbarrow
42:42 Elite Hussite Wagon
45:28 Chemistry
44:49 Ballistics
44:36 Siege Engineers
45:43 Heavy Plow
45:56 Bow Saw
46:54 Hand Cart
Tururu7923
12:26 Feudal Age
17:09 Loom
17:32 Double-Bit Axe
22:41 Fletching
27:57 Castle Age
29:43 Bodkin Arrow
30:00 Forging
29:50 Scale Mail Armor
29:51 Gold Mining
30:12 Bow Saw
29:45 Horse Collar
35:36 Heavy Plow
42:15 Imperial Age
40:23 Wheelbarrow
40:30 Iron Casting
40:10 Chain Mail Armor
42:26 Elite Serjeant
44:27 Blast Furnace
43:57 Plate Mail Armor
44:17 Hand Cart
46:16 Crop Rotation
46:26 Gold Shaft Mining
45:51 Capped Ram
47:07 Bracer
Baku74
10:51 Feudal Age
10:38 Loom
16:51 Castle Age
14:59 Horse Collar
15:46 Double-Bit Axe
16:21 Gold Mining
18:13 Wheelbarrow
21:20 Heavy Plow
21:31 Bow Saw
21:58 Gold Shaft Mining
26:39 Forging
26:29 Scale Mail Armor
26:45 Scale Mail Armor
31:42 Hand Cart
35:21 Imperial Age
36:23 Kataparuto
36:50 Conscription
37:36 Elite Samurai
42:04 Ballistics
42:40 Iron Casting
42:21 Chain Mail Armor
46:39 Blast Furnace
46:22 Plate Mail Armor
47:12 Siege Engineers
48:10 Chemistry
AMIGO MAICOL
10:56 Feudal Age
11:50 Double-Bit Axe
13:13 Horse Collar
13:54 Fletching
16:21 Padded Archer Armor
17:13 Wheelbarrow
23:07 Castle Age
21:31 Gold Mining
23:35 Crossbowman
23:37 Elite Skirmisher
26:42 Gold Shaft Mining
26:27 Hand Cart
30:21 Ballistics
34:06 Imperial Age
32:54 Treadmill Crane
33:18 Bodkin Arrow
33:38 Leather Archer Armor
33:23 Stone Mining
36:16 Yeomen
35:25 Arbalester
41:19 Chemistry
46:36 Bracer
47:06 Ring Archer Armor
46:35 Heated Shot
Connection lost

Rejoining the realm…

Still unreachable

The connection could not be restored.

Session expired

The server has moved on; the page needs a fresh start.